 Dungeon Crawl Stone Soup version 0.27-a0-631-g2d681adce0 (webtiles) character file.

Game seed: 5434608837169602660

21 wakim the Stinger (level 2, -14/15 HPs)
             Began as a Gargoyle Venom Mage on Mar 13, 2021.
             Demolished by a gnoll
             ... wielding a +0 flail of distortion
              (16 damage)
             ... on level 2 of the Dungeon.
             The game lasted 00:04:19 (1307 turns).

wakim the Stinger (Gargoyle Venom Mage)             Turns: 1307, Time: 00:04:20

Health: -14/15     AC:  4    Str: 11    XL:     2   Next: 83%
Magic:  4/5        EV: 11    Int: 15    God:
Gold:   91         SH:  0    Dex: 10    Spells: 2/5 levels left

rFire    . . .     SeeInvis .   a - +0 whip
rCold    . . .     Faith    .   (no shield)
rNeg     + . .     Spirit   .   d - +0 robe
rPois    ∞         Reflect  .   (no helmet)
rElec    +         Harm     .   (no cloak)
rCorr    .         Rampage  .   (no gloves)
Will     .....                  (no boots)
Stlth    ++........             (no amulet)
HPRegen  0.05/turn              (no ring)
MPRegen  0.09/turn              (no ring)

@: no status effects
A: AC +2, negative energy resistance 1, electricity resistance, torment
resistance 1, unbreathing 1, petrification resistance
a: no special abilities


You were on level 2 of the Dungeon.
You visited 1 branch of the dungeon, and saw 2 of its levels.

You collected 91 gold pieces.

Inventory:

Hand Weapons
 a - a +0 whip (weapon)
Armour
 c - a +0 leather armour
 d - a +0 robe (worn)
Scrolls
 Z - a scroll of identify {@r1}
Potions
 N - a potion of heal wounds {@q2}
 Q - a potion of magic


   Skills:
 - Level 1.5 Dodging
 - Level 2.1 Stealth
 + Level 2.3 Spellcasting
 + Level 1.3 Transmutations
 + Level 3.3 Poison Magic


You had 2 spell levels left.
You knew the following spells:

 Your Spells              Type           Power      Damage    Failure   Level
a - Sting                 Tmut/Pois      32%        1d4       9%          1
s - Poisonous Vapours     Pois/Air       12%        N/A       16%         2

Your spell library contained the following spells:

 Spells                   Type           Power      Damage    Failure   Level
 Ignite Poison            Fire/Tmut/Pois 6%         N/A       34%         3
 Mephitic Cloud           Conj/Pois/Air  5%         N/A       38%         3
 Olgreb's Toxic Radiance  Pois           11%        N/A       47%         4


Dungeon Overview and Level Annotations

Branches:
Dungeon (2/15)

Altars:
Fedhas
Gozag
Sif Muna
Trog
Xom


Innate Abilities, Weirdness & Mutations

Your stone body is resilient. (AC +2)
You are immune to poison.
You resist negative energy. (rN+)
You are resistant to electric shocks. (rElec)
You are resistant to unholy torment.
You can survive without breathing.
You are immune to petrification.


Message History

There is a stone staircase leading up here.
You now have 91 gold pieces (gained 17).
Found a blossoming altar of Fedhas.
A kobold comes into view.
Poisonous vapours surround the kobold!
The kobold shouts!
The kobold is engulfed in poison gas.
The kobold is poisoned.
You kill the kobold!
Found a shimmering altar of Xom and a shimmering blue altar of Sif Muna.
Magic restored.
Found an opulent altar of Gozag.
Found a bloodstained altar of Trog.
There is a blossoming altar of Fedhas here.
There is a blossoming altar of Fedhas here.
You kneel at the altar of Fedhas.
A hobgoblin comes into view.
Found a dagger.
You closely miss the hobgoblin. The hobgoblin hits you.
You hit the hobgoblin.
You kill the hobgoblin!
No target in view!
HP restored.
A gnoll and a kobold come into view.
A leopard gecko comes into view. 2 gnolls come into view.
A gnoll is wielding a +0 flail of distortion.
The gnoll shouts! x2; You hear a shout!
A ball python comes into view.
A hobgoblin comes into view. It is wielding a +0 club.
The leopard gecko bites you.
Poisonous vapours surround the leopard gecko!
The leopard gecko is engulfed in poison gas.
The leopard gecko is poisoned.
You kill the leopard gecko!
The gnoll hits you with a +0 flail of distortion!
Ouch! That really hurt!
* * * LOW HITPOINT WARNING * * *
Space warps horribly around you!
Ouch! That really hurt!
You die...

#......## #.##8..8##
####.#_.....#
#<##.###..###
###....#......#
#.....####..### #.#.#.#
#...._# # #.#...#
##..### ..#. #@#####
#..(.# #..#.## #.g..#
###..### ..).....#####.#
#_...._#
#.............####.#._##
#...............#######
#..........g.######
#.................#
#........g....###.#
#.............#


You could see a gnoll.

Vanquished Creatures
  A leopard gecko (D:2)
  A bat (D:1)
  3 hobgoblins
  3 jackals (D:1)
  3 frilled lizards (D:1)
  5 kobolds
  4 rats (D:1)
20 creatures vanquished.

Notes
Turn   | Place    | Note
-------+----------+-------------------------------------------
     0 | D:1      | wakim the Gargoyle Venom Mage began the quest for the Orb.
     0 | D:1      | Reached XP level 1. HP: 10/10 MP: 3/3
   207 | D:1      | Reached skill level 1 in Transmutations
   274 | D:1      | Reached XP level 2. HP: 13/15 MP: 5/5
   277 | D:1      | Learned a level 2 spell: Poisonous Vapours
  1196 | D:2      | Found a blossoming altar of Fedhas.
  1201 | D:2      | Found a shimmering altar of Xom.
  1201 | D:2      | Found a shimmering blue altar of Sif Muna.
  1223 | D:2      | Found an opulent altar of Gozag.
  1224 | D:2      | Found a bloodstained altar of Trog.
  1307 | D:2      | Demolished by a gnoll

Illustrated notes

Levels and vault maps discovered:
D:1:      nicolae_arrival_somewhat_less_tricky_arrival, layout_basic
D:2:      layout_basic, minitemple

Skill      XL: |  1 |
---------------+----+-----
Transmutations | 1 |  1.3
Dodging        | |  1.5
Stealth        | |  2.1
Spellcasting   | |  2.3
Poison Magic   | |  3.3

Action                   || total
-------------------------++-------
Melee: Dagger            ||    14
       Whip              ||    25
 Cast: Sting             ||     8
       Poisonous Vapours ||     4
  Use: Scroll            ||     3
 Stab: Sleeping          ||     1
Armor: Robe              ||    12
Dodge: Dodged            ||    30

Table legend: (Time is in decaauts)
 A = Elapsed time spent in this place.
 B = Non-inter-level travel time spent in this place.
 C = Inter-level travel time spent in this place.
 D = Time resting spent in this place.
 E = Time spent auto-exploring this place.
 F = Levels seen in this place.
 G = Mean time per level.
                   A        B        C        D        E       F      G
               +--------+--------+--------+--------+--------+-----+--------+
         Total |   1308 |   1308 |      0 |      0 |   1085 |   2 |  654.0 |
       Dungeon |   1308 |   1308 |      0 |      0 |   1085 |   2 |  654.0 |
               +--------+--------+--------+--------+--------+-----+--------+

Top non-repeatable levels by time:
     D:1: 1185 daAuts
     D:2: 123 daAuts
